 Dungeon Crawl Stone Soup version 0.29.1-15-g9cfb28693d (webtiles) character file.

Game seed: 4351393756695925414

3088 Eitelfritz the Cleaver (level 9, -3/79 HPs)
             Began as a Hill Orc Fighter on Apr 15, 2023.
             Slain by a killer bee (5 damage)
             ... on level 8 of the Dungeon.
             The game lasted 00:14:23 (9552 turns).

Eitelfritz the Cleaver (Hill Orc Fighter)           Turns: 9552, Time: 00:14:23

Health: -3/79      AC: 10    Str: 23    XL:     9   Next: 89%
Magic:  9/9        EV: 10    Int:  8    God:
Gold:   681        SH:  6    Dex: 10    Spells: 8/8 levels left

rFire   + . .      SeeInvis .   a - +0 war axe
rCold   + . .      Faith    .   c - +1 buckler
rNeg    . . .      Spirit   .   e - +0 scale mail
rPois   +          Reflect  .   (no helmet)
rElec   +          Harm     .   t - +0 cloak
rCorr   +          Rampage  .   u - +0 pair of gloves
Will    +....                   (no boots)
Stlth   ..........              i - amulet of the acrobat
HPRegen 0.23/turn               r - ring of willpower
MPRegen 0.11/turn               (no ring)

@: resistant
A: no striking features
a: no special abilities


You were on level 8 of the Dungeon.
You visited 2 branches of the dungeon, and saw 9 of its levels.

You collected 681 gold pieces.

Inventory:

Hand Weapons
 a - a +0 war axe (weapon)
 b - a +2 sling of flaming
 l - the +5 hammer "Ruaxex" {vorpal, rN+ Will++}
   (You found it on level 5 of the Dungeon)

   It inflicts extra damage upon your enemies.
   rN:        It protects you from negative energy.
   Will:      It greatly increases your willpower.
 I - a +0 morningstar
Missiles
 h - a curare-tipped dart
 j - 9 poisoned darts (quivered)
 D - 4 atropa-tipped darts
Armour
 c - a +1 buckler (worn)
 e - a +0 scale mail (worn)
 s - a +0 chain mail
 t - a +0 cloak (worn)
 u - a +0 pair of gloves (worn)
Jewellery
 i - an amulet of the acrobat (around neck)
 k - a ring of fire
 o - a +6 ring of intelligence
 r - a ring of willpower (left hand)
 z - a ring of resist corrosion
Wands
 q - a wand of charming (6)
 w - a wand of roots (16)
 x - a wand of flame (26)
 A - a wand of polymorph (11)
 H - a wand of digging (5)
Scrolls
 n - 3 scrolls of teleportation
 y - a scroll of enchant armour
 B - 2 scrolls of identify
 E - a scroll of magic mapping {unknown}
 F - a scroll of summoning {unknown}
 G - a scroll of fog {unknown}
 J - a scroll of enchant weapon {unknown}
Potions
 d - a potion of might
 f - 2 potions of berserk rage
 m - 4 potions of brilliance
 p - 3 potions of lignification
 v - 2 potions of mutation


   Skills:
 + Level 7.0 Fighting
 + Level 11.7 Axes
 + Level 0.1 Ranged Weapons
 + Level 0.2 Throwing
 + Level 7.7 Armour
 + Level 3.0 Dodging
 + Level 1.0 Stealth
 + Level 5.9 Shields


You had 8 spell levels left.
You didn't know any spells.
Your spell library contained the following spells:

 Spells                   Type           Power      Damage    Failure   Level
 Magic Dart               Conj           0%         1d3       77%         1
 Searing Ray              Conj           0%         2d4       88%         2
 Conjure Flame            Conj/Fire      0%         6-21      98%         3
 Dazzling Flash           Conj/Hex       0%         N/A       98%         3
 Gell's Gravitas          Tloc           0%         N/A       98%         3
 Ignite Poison            Fire/Tmut/Pois 0%         N/A       98%         3
 Ozocubu's Armour         Ice            0%         N/A       98%         3
 Teleport Other           Tloc           0%         N/A       98%         3
 Animate Armour           Summ/Erth      0%         N/A       100%        4
 Fulminant Prism          Conj/Hex       0%         3d6       100%        4
 Sticky Flame             Conj/Fire      0%         2d3       100%        4
 Agony                    Necr           0%         N/A       100%        5
 Blade Hands              Tmut           0%         N/A       100%        5
 Silence                  Hex/Air        0%         N/A       100%        5
 Dispersal                Tloc           0%         N/A       100%        6
 Iron Shot                Conj/Erth      0%         9d1       100%        6
 Ozocubu's Refrigeration  Ice            0%         4d7       100%        7


Dungeon Overview and Level Annotations

Branches:
Dungeon (8/15)             Temple (1/1) D:7
   Lair: D:8-11

Altars:
Cheibriados
Dithmenos
Elyvilon
Fedhas
Gozag
Makhleb
Okawaru
Ru
Sif Muna
Trog
Uskayaw
Vehumet
Wu Jian
Xom
Yredelemnul
Zin

Annotations:
D:7 2 transporters, Henri's ghost, novice OpVM


Message History

You feel better. The killer bee barely misses you.
The killer bee stings you but does no damage.
You closely miss the killer bee.
The killer bee is heavily wounded.
You block the killer bee's attack. The killer bee barely misses you.
You hit the killer bee.
The killer bee is almost dead.
You block the killer bee's attack. x2
You completely miss the killer bee.
The killer bee is almost dead.
You block the killer bee's attack. The killer bee barely misses you.
You closely miss the killer bee.
The killer bee is almost dead.
The killer bee closely misses you.
The killer bee stings you but does no damage.
You barely miss the killer bee.
The killer bee is severely wounded.
You block the killer bee's attack. The killer bee barely misses you.
You barely miss the killer bee.
The killer bee is severely wounded.
The killer bee stings you.
* * * LOW HITPOINT WARNING * * *
You block the killer bee's attack.
You hit the killer bee.
The killer bee is almost dead.
You block the killer bee's attack.
You closely miss the killer bee.
The killer bee is almost dead.
You block the killer bee's attack. The killer bee stings you.
* * * LOW HITPOINT WARNING * * *
You feel protected.
The killer bee stings you but does no damage.
The killer bee stings you.
* * * LOW HITPOINT WARNING * * *
You slash the killer bee!
You kill the killer bee!
The killer bee stings you but does no damage.
You hit the killer bee but do no damage.
The killer bee stings you.
You die...

## #### ...#
#.y. #..y
#.y. .. #...
..
...#...######
..
........y@..#
..
##....#####.#
.. ....# #.##
.. ... #..##
.. . ##..# .
##.## .. #..#
.. ##.# ..
#.##


You could see a killer bee.

Vanquished Creatures
  Sigmund (D:4)
  Eustachio (D:4)
  A water moccasin (D:7)
  An orc warrior (D:7)
  2 ice beasts (D:6)
  3 sky beasts
  3 black bears
  2 ogres
  A phantom (D:8)
  2 kobold brigands
  2 necrophages
  3 bullfrogs
  A scorpion (D:3)
  4 killer bees (D:8)
  3 hounds
  2 jellies
  A gnoll bouda (D:6)
  5 orc priests
  Crazy Yiuf (D:5)
  4 iguanas
  Jessica (D:2)
  Ijyb (D:3)
  2 orc wizards
  Natasha (thrice) (D:2)
  8 gnolls
  8 adders
  3 white imps
  An ufetubus (D:6)
  2 dart slugs (D:1)
  26 orcs
  4 ball pythons
  9 bats
  5 endoplasms
  2 giant cockroaches
  9 goblins
  9 hobgoblins
  10 jackals (D:1)
  5 quokkas
  6 frilled lizards
  14 kobolds
  9 rats
180 creatures vanquished.

Vanquished Creatures (others)
  2 plants (D:7)
2 creatures vanquished.

Grand Total: 182 creatures vanquished

Notes
Turn   | Place    | Note
-------+----------+-------------------------------------------
     0 | D:1      | Eitelfritz the Hill Orc Fighter began the quest for the
                  | Orb.
     0 | D:1      | Reached XP level 1. HP: 19/19 MP: 1/1
   124 | D:1      | Reached XP level 2. HP: 26/27 MP: 2/2
   132 | D:1      | Reached skill level 3 in Axes
   363 | D:1      | Reached XP level 3. HP: 33/33 MP: 3/3
   827 | D:2      | Noticed Natasha
   844 | D:2      | Killed Natasha
   845 | D:2      | Reached skill level 4 in Axes
   845 | D:2      | Reached XP level 4. HP: 4/40 MP: 4/4
  1144 | D:2      | Noticed Jessica
  1154 | D:2      | Killed Jessica
  1155 | D:2      | Reached XP level 5. HP: 38/46 MP: 5/5
  1234 | D:2      | Noticed Natasha
  1243 | D:2      | Killed Natasha
  1585 | D:2      | Noticed Natasha
  1600 | D:2      | Killed Natasha
  1601 | D:2      | Reached skill level 5 in Axes
  1601 | D:2      | Reached skill level 1 in Dodging
  1974 | D:2      | Found a faded altar of an unknown god.
  2404 | D:3      | Noticed Ijyb
  2426 | D:3      | Killed Ijyb
  2525 | D:3      | Reached XP level 6. HP: 49/53 MP: 6/6
  3514 | D:4      | Found a snail-covered altar of Cheibriados.
  3550 | D:4      | Reached skill level 5 in Armour
  3622 | D:4      | Reached skill level 6 in Axes
  3622 | D:4      | Reached XP level 7. HP: 55/60 MP: 7/7
  3663 | D:4      | Noticed Eustachio
  3684 | D:4      | Killed Eustachio
  4252 | D:4      | Found a shimmering blue altar of Sif Muna.
  4302 | D:4      | Reached skill level 7 in Axes
  4393 | D:4      | Noticed Sigmund
  4402 | D:4      | Killed Sigmund
  4403 | D:4      | Reached skill level 5 in Fighting
  4582 | D:5      | Entered Level 5 of the Dungeon
  4599 | D:4      | Reached XP level 8. HP: 56/68 MP: 8/8
  4760 | D:5      | Reached skill level 8 in Axes
  5040 | D:5      | Found a sacrificial altar of Ru.
  5306 | D:5      | Identified the +5 hammer "Ruaxex" {vorpal, rN+ Will++}
  5310 | D:5      | Found a runed translucent door.
  5311 | D:5      | Noticed Crazy Yiuf
  6134 | D:5      | Killed Crazy Yiuf
  6441 | D:6      | Reached skill level 9 in Axes
  6870 | D:6      | Reached skill level 5 in Shields
  6988 | D:6      | Found a radiant altar of Vehumet.
  6999 | D:6      | Reached XP level 9. HP: 64/75 MP: 9/9
  7108 | D:6      | Reached skill level 10 in Axes
  7638 | D:7      | Found a transporter.
  7638 | D:7      | Noticed Henri's ghost (novice OpVM)
  7642 | D:7      | Found a transporter.
  7857 | D:7      | Found a white marble altar of Elyvilon.
  8004 | D:7      | Found a staircase to the Ecumenical Temple.
  8042 | Temple   | Entered the Ecumenical Temple
  8241 | D:7      | Reached skill level 11 in Axes
  8613 | D:7      | Found a blossoming altar of Fedhas.
  8648 | D:7      | Reached skill level 1 in Stealth
  9188 | D:8      | Identified the +7 chain mail of the Little Devil {rN+ MP+9
                  | Int+3 SInv}
  9278 | D:8      | Found a shadowy altar of Dithmenos.
  9550 | D:8      | HP: 1/79 [killer bee (6)]
  9552 | D:8      | Slain by a killer bee

Illustrated notes

Levels and vault maps discovered:
D:1:      spicycebolla_green_bress_n_ham, layout_basic
D:2:      layout_basic, ebering_ecumenical_altar_abandoned, uniq_jessica,
          uniq_natasha
D:3:      layout_basic, uniq_ijyb
D:4:      layout_cave_pods, led_sif_pool, cheibriados_altar_1, uniq_eustachio,
          uniq_sigmund
D:5:      layout_basic, mainiacjoe_overflow_six_doors_small, st_stairs_12,
          dreamdust_princess_corridor, kennysheep_generic_room_12,
          uniq_crazy_yiuf_cottage
D:6:      layout_basic, vehumet_altar_wand_db
D:7:      layout_gridville, fedhas_ov_isle_minmay, old_standard_altar,
          minmay_temple_entry_arrows, gammafunk_ghost_arena, kennysheep_doodads,
          hangedman_minor_gate_pass
D:8:      layout_cave_pools, grunt_dithmenos_shadows,
          lemuel_coloured_pillars_altar, hangedman_decor_lopped,
          supply_closet_lemuel
Temple:   nicolae_temple_ecumenical_triangle

Skill      XL: |  1  2  3  4  5  6  7  8  9 |
---------------+----------------------------+-----
Axes           | 3 4 5 6 7 9 11 | 11.7
Fighting       | 4 5 6 7 |  7.0
Armour         | 4 5 6 7 |  7.7
Dodging        | 1 2 3 |  3.0
Shields        | 4 5 |  5.9
Stealth        | 1 |  1.0
Ranged Weapons | |  0.1
Throwing       | |  0.2

Action                   |  1- 3 |  4- 6 |  7- 9 || total
-------------------------+-------+-------+-------++-------
Melee: War axe           |   108 |   186 |   360 ||   654
 Fire: Sling             |       |     5 |       ||     5
Throw: Dart              |       |       |     2 ||     2
  Use: Scroll            |       |       |    11 ||    11
       Potion            |       |       |     3 ||     3
Armor: Scale mail        |    76 |    89 |   134 ||   299
Dodge: Dodged            |    58 |    88 |   199 ||   345
Block: Buckler           |    31 |    43 |    90 ||   164
